Map: Mech Depot LE

Players

Ziggy - Winner!

  • Race: Terran Terran
  • Spawn Location: 1:00

BAILS

  • Race: Protoss Protoss
  • Spawn Location: 7:00

Event: WCS Montreal 2017

VOD

Have the link to the VOD?

Description

Time

  • Played on: Sept. 8, 2017, 1:29 p.m.
  • Length: 16:55

All games in this series

Show
View Real Time Build Order
Export as new Build Order

Ziggy Terran - Winner!

Build Orders: Gas First Reaper Expand, Reaper Expand, MMM Bio 

Get SALT Encoding   

  12  0:00  SCV  
  13  0:12  SCV  
  14  0:17  Supply Depot  
  14  0:24  SCV  
  15  0:29  Refinery  
  15  0:39  SCV  
  16  0:44  Barracks  
  16  0:51  SCV  
  17  1:03  SCV  
  18  1:15  SCV  
  19  1:31  Orbital Command, Reaper  
  20  1:48  Command Center  
  20  2:01  Factory  
  20  2:03  SCV  
  21  2:10  Barracks Reactor  
  21  2:15  Supply Depot, SCV  
  22  2:23  Refinery  
  22  2:27  SCV  
  23  2:39  SCV  
  24  2:46  Starport, Marine x2  
  26  2:51  SCV  
  26  2:53  Widow Mine  
  29  3:03  SCV  
  29  3:04  Orbital Command, Marine x2  
  32  3:15  SCV  
  33  3:22  Marine x2, Widow Mine  
  36  3:27  Medivac  
  36  3:30  SCV  
  36  3:31  SCV  
  40  3:39  Supply Depot  
  40  3:40  Marine x2  
  42  3:43  SCV  
  42  3:44  SCV  
  44  3:56  SCV  
  44  3:57  SCV  
  46  4:03  Marine x2  
  46  4:07  Barracks  
  46  4:08  Barracks, SCV  
  51  4:11  SCV  
  51  4:15  Supply Depot  
  50  4:18  Factory Tech Lab, Engineering Bay  
  50  4:19  Starport Tech Lab  
  50  4:20  SCV  
  50  4:24  SCV  
  52  4:25  Marine x2  
  54  4:36  SCV x2  
  54  4:38  Supply Depot  
  56  4:43  Marine x2  
  58  4:45  Terran Infantry Weapons Level 1  
  58  4:48  SCV x2  
  60  5:00  SCV  
  60  5:01  SCV  
  60  5:02  Marine x2  
  64  5:07  Stimpack  
  64  5:09  Combat Shields, Marauder  
  64  5:10  Supply Depot, Marauder  
  64  5:11  Starport Reactor  
  64  5:12  Factory Reactor, SCV  
  69  5:17  Supply Depot  
  69  5:18  SCV  
  69  5:20  Supply Depot  
  70  5:25  SCV  
  69  5:31  SCV  
  69  5:34  Marauder x2  
  69  5:35  Marine x2  
  72  5:38  SCV  
  75  5:52  Medivac  
  75  5:53  Medivac  
  75  5:54  Command Center  
  75  5:55  Widow Mine, Marauder  
  75  5:56  Marauder  
  85  5:57  Widow Mine  
  85  6:01  Refinery  
  85  6:03  Refinery  
  87  6:06  Supply Depot  
  87  6:07  Supply Depot  
  87  6:12  Supply Depot  
  87  6:15  Marine x2  
  87  6:16  SCV  
  87  6:17  Marauder x2  
  94  6:22  Barracks  
  94  6:25  Barracks  
  94  6:28  SCV  
  94  6:31  Medivac  
  97  6:36  Marine x2  
  97  6:38  Marauder x2  
  102  6:40  SCV  
  102  6:41  SCV  
  102  6:44  Terran Infantry Armor Level 1  
  102  6:45  Supply Depot  
  104  6:49  Missile Turret  
  104  6:50  Widow Mine  
  104  6:51  Widow Mine  
  104  6:53  SCV x2  
  110  6:57  Marine  
  110  7:00  Marauder  
  113  7:02  Marine x2  
  113  7:05  SCV  
  116  7:09  Orbital Command  
  116  7:15  Liberator  
  116  7:17  Starport, Barracks Tech Lab x2  
  116  7:21  Marauder  
  116  7:22  Marine x3  
  119  7:25  Liberator  
  121  7:34  SCV  
  121  7:36  SCV  
  126  7:37  SCV  
  126  7:41  Marauder  
  126  7:42  Marauder  
  134  7:45  Marauder  
  136  7:59  Marauder  
  136  8:02  Marauder  
  136  8:05  Marauder  
  140  8:07  Ghost Academy, Supply Depot, Marauder  
  139  8:15  Viking  
  139  8:19  SCV x3  
  144  8:20  Viking  
  144  8:21  Refinery  
  144  8:25  Viking  
  144  8:26  Marine  
  149  8:29  Marine, Marauder x2  
  149  8:31  SCV  
  149  8:33  Viking  
  157  8:45  Viking, Marauder  
  157  8:46  Marauder  
  163  8:50  Viking  
  163  8:52  Supply Depot  
  163  8:55  Supply Depot  
  165  8:57  Marauder  
  165  9:00  Marauder  
  169  9:06  Ghost, Concussive Shells  
  169  9:07  Marauder  
  172  9:14  Marine x2  
  174  9:18  Ghost  
  174  9:20  Supply Depot x2  
  174  9:21  Marine, SCV  
  174  9:22  SCV x2  
  180  9:28  Marine  
  181  9:32  Viking, Marine  
  181  9:34  Viking, SCV  
  181  9:35  Marauder  
  189  9:42  SCV x2  
  189  9:44  Viking  
  193  9:51  Marauder x2  
  196  10:02  Marauder x2  
  196  10:04  Viking x3  
  197  10:12  Marauder  
  196  10:18  Viking, Marauder  
  174  10:23  Marauder x2  
  174  10:27  Marine x2  
  150  10:34  Viking x2, Marauder  
  141  10:39  Marauder  
  129  10:44  Marine x2  
  129  10:45  Marine x2  
  127  10:51  Liberator  
  127  10:53  Armory  
  127  10:54  Barracks, Marine  
  127  10:55  Barracks  
  127  10:56  Engineering Bay  
  128  11:00  Marauder  
  128  11:02  Marine x2  
  128  11:03  Marine  
  133  11:07  Liberator  
  133  11:09  Liberator, Marine  
  135  11:11  Command Center  
  135  11:12  Marine  
  136  11:20  Marine x2  
  136  11:21  Marine  
  136  11:22  Marauder  
  144  11:31  Marauder  
  149  11:33  Liberator, Marine  
  149  11:34  Liberator  
  149  11:37  Marine  
  149  11:38  Marauder  
  149  11:39  Marine  
  154  11:43  Marine x2  
  154  11:44  Marine  
  157  11:51  Marine  
  157  11:52  Marauder  
  157  11:53  Terran Infantry Weapons Level 2  
  166  11:56  Marine, Marauder  
  166  11:59  Marauder  
  173  12:01  Marauder  
  173  12:07  Marine x2  
  175  12:09  Marine  
  175  12:13  Ghost  
  175  12:14  Marine  
  177  12:21  Liberator  
  177  12:28  Marine x3, Marauder x3  
  186  12:30  Liberator, Planetary Fortress  
  186  12:32  Marine  
  187  12:42  Marauder  
  192  12:46  Marine  
  192  12:49  Marauder  
  194  12:57  Marine  
  194  12:58  Marauder  
  191  13:02  Refinery x2  
  191  13:04  Terran Infantry Armor Level 2  
  189  13:08  Liberator  
  189  13:11  Marine x3  
  189  13:12  Marauder x3  
  194  13:28  Marine x2  
  194  13:29  Marine x3  
  194  13:32  Liberator, Refinery  
  194  13:33  Marine  
  200  14:12  Liberator x2  
  200  14:15  Marine  
  199  14:20  Marine  
  199  14:21  Marauder  
  199  14:23  Marine x2, Marauder  
  157  14:24  Marine x2  
  157  14:31  Liberator x2  
  126  14:33  Marine  
  126  14:38  Marine  
  107  14:41  Marine x2  
  107  14:42  Marine, Marauder x2  
  107  14:44  Marine  
  111  14:51  Marine  
  118  14:55  Liberator x2  
  118  14:56  Marine  
  118  14:58  Marine x2  
  121  15:00  Marauder  
  121  15:03  Marine, Marauder x2  
  128  15:09  Marine  
  128  15:14  Marine  
  136  15:16  Marine x2  
  138  15:21  Marauder  
  138  15:22  Marauder  
  138  15:23  Marine  
  138  15:24  Marine  
  138  15:26  Marine  
  145  15:31  Viking x2, Marine  
  145  15:34  Marine x2  
  146  15:42  Marauder  
  150  15:43  Marauder x3  
  150  15:44  Marine  
  150  15:49  Orbital Command, Marine  
  156  15:55  Medivac x2  
  159  16:02  Ghost  
  159  16:03  Ghost  
  163  16:05  Marine x3  
  163  16:06  Marine, Marauder  
  169  16:18  Marine  
  169  16:23  Marine x2  
  169  16:24  Marauder  
  175  16:27  Marauder  
  175  16:32  Marine x2, Marauder  
Show
View Real Time Build Order
Export as new Build Order

BAILS Protoss 

Build Orders: 1 Gate Expand, Colossus Rush 

Get SALT Encoding   

  12  0:00  Probe (Chrono Boost)  
  13  0:11  Probe (Chrono Boost)  
  14  0:17  Pylon  
  14  0:22  Probe (Chrono Boost)  
  16  0:35  Probe (Chrono Boost)  
  16  0:36  Gateway  
  16  0:46  Probe (Chrono Boost)  
  16  0:47  Assimilator  
  17  0:56  Probe (Chrono Boost)  
  18  1:07  Probe (Chrono Boost)  
  19  1:17  Probe (Chrono Boost)  
  20  1:25  Nexus  
  20  1:35  Cybernetics Core  
  20  1:38  Probe (Chrono Boost)  
  21  1:48  Probe (Chrono Boost)  
  21  1:49  Assimilator  
  22  1:54  Pylon  
  22  1:59  Probe (Chrono Boost)  
  23  2:12  Adept  
  23  2:13  Mothership Core (Chrono Boost)  
  23  2:15  Warp Gate (Chrono Boost)  
  27  2:31  Probe (Chrono Boost)  
  28  2:37  Robotics Facility  
  28  2:38  Probe (Chrono Boost)  
  28  2:42  Adept  
  31  2:45  Probe (Chrono Boost)  
  31  2:49  Probe (Chrono Boost)  
  33  2:56  Probe (Chrono Boost)  
  34  2:59  Probe (Chrono Boost)  
  35  3:06  Probe (Chrono Boost)  
  35  3:10  Probe (Chrono Boost), Adept  
  39  3:17  Probe (Chrono Boost)  
  40  3:20  Probe (Chrono Boost)  
  40  3:25  Observer (Chrono Boost), Gateway  
  42  3:29  Gateway  
  42  3:30  Probe  
  43  3:34  Pylon  
  43  3:35  Probe (Chrono Boost)  
  44  3:42  Probe (Chrono Boost)  
  44  3:43  Observer (Chrono Boost)  
  46  3:50  Robotics Bay  
  46  3:51  Probe (Chrono Boost)  
  46  3:55  Assimilator  
  47  3:56  Assimilator  
  47  3:57  Probe  
  47  4:01  Probe  
  48  4:02  Pylon  
  48  4:09  Probe  
  50  4:12  Probe  
  50  4:14  Pylon  
  50  4:16  Stalker  
  53  4:21  Probe  
  56  4:26  Probe (Chrono Boost)  
  56  4:27  Twilight Council  
  56  4:30  Stalker  
  57  4:33  Probe (Chrono Boost)  
  57  4:35  Stalker  
  60  4:47  Colossus (Chrono Boost)  
  66  4:53  Probe x2  
  66  4:58  Sentry  
  56  5:03  Probe  
  56  5:05  Probe  
  58  5:14  Probe  
  58  5:18  Probe  
  60  5:25  Probe  
  59  5:30  Probe  
  59  5:32  Blink (Chrono Boost)  
  59  5:35  Probe  
  60  5:37  Colossus (Chrono Boost)  
  60  5:42  Probe  
  68  5:46  Probe  
  69  5:51  Pylon  
  69  5:54  Probe  
  69  5:56  Pylon  
  70  6:01  Extended Thermal Lance (Chrono Boost)  
  70  6:09  Probe x2  
  70  6:10  Pylon  
  72  6:13  Sentry  
  74  6:21  Probe x2  
  74  6:24  Stalker x2  
  80  6:30  Colossus  
  80  6:33  Probe  
  87  6:48  Nexus  
  87  6:53  Pylon  
  87  7:00  Forge  
  87  7:11  Adept x3  
  93  7:19  Probe  
  93  7:20  Probe  
  95  7:28  Disruptor, Pylon  
  101  7:34  Protoss Ground Weapons Level 1 (Chrono Boost)  
  98  7:38  Probe  
  98  7:39  Gateway x2  
  98  7:40  Probe  
  100  7:50  Adept x2  
  100  7:51  Adept  
  104  7:52  Probe  
  104  7:53  Probe  
  105  7:59  Probe  
  105  8:04  Probe  
  106  8:06  Probe  
  108  8:13  Disruptor, Stalker  
  108  8:16  Probe  
  108  8:17  Resonating Glaives (Chrono Boost)  
  113  8:27  Stalker x2  
  113  8:31  Probe x3  
  113  8:33  Pylon  
  120  8:35  Pylon  
  120  8:42  Adept x2  
  123  8:48  Disruptor  
  123  8:51  Probe  
  123  8:52  Probe  
  123  8:53  Probe  
  129  8:56  Assimilator  
  129  8:58  Assimilator  
  129  8:59  Adept x2  
  133  9:02  Probe  
  133  9:03  Probe, Pylon  
  133  9:07  Pylon  
  133  9:08  Probe  
  136  9:13  Gateway  
  134  9:18  Adept x3  
  134  9:22  Pylon  
  140  9:24  Probe  
  140  9:26  Probe, Protoss Ground Armor Level 1 (Chrono Boost)  
  140  9:29  Disruptor  
  145  9:37  Pylon  
  145  9:38  Probe  
  146  9:43  Stalker x3  
  146  9:44  Probe  
  153  9:54  Probe  
  152  10:02  Stalker x2  
  152  10:04  Disruptor  
  159  10:08  Pylon  
  159  10:13  Adept x2  
  159  10:14  Adept  
  142  10:24  Adept  
  142  10:25  Adept x2  
  124  10:34  Probe, Mothership Core  
  124  10:35  Probe  
  105  10:36  Adept  
  105  10:37  Adept x2  
  105  10:40  Disruptor (Chrono Boost)  
  105  10:47  Probe  
  102  10:51  Protoss Ground Armor Level 2 (Chrono Boost)  
  102  10:52  Stalker x3  
  108  10:57  Nexus  
  108  11:01  Sentry, Adept x2  
  114  11:15  Disruptor (Chrono Boost)  
  117  11:19  Adept x2  
  117  11:20  Adept  
  117  11:22  Probe x2  
  125  11:28  Adept x3  
  131  11:39  Pylon  
  131  11:46  Disruptor (Chrono Boost)  
  132  11:49  Dark Shrine  
  132  11:51  Pylon  
  132  11:53  Adept x4  
  132  11:54  Adept  
  138  12:17  Warp Prism (Chrono Boost), Stalker x2  
  138  12:18  Stalker x4  
  152  12:48  Disruptor (Chrono Boost)  
  147  12:59  Stalker x4  
  147  13:00  Stalker x2  
  159  13:09  Protoss Ground Weapons Level 2  
  159  13:11  Nexus  
  159  13:19  Disruptor (Chrono Boost)  
  162  13:22  Stargate  
  162  13:24  Stalker x4  
  169  13:43  Stalker x2  
  171  13:50  Disruptor (Chrono Boost)  
  171  13:55  Stalker x4  
  180  14:01  Pylon  
  182  14:14  Stalker x2  
  184  14:21  Disruptor (Chrono Boost)  
  129  14:34  Stalker, Adept x3  
  119  14:42  Robotics Facility  
  119  14:43  Assimilator  
  113  14:47  Assimilator  
  113  14:51  Pylon  
  113  14:52  Disruptor (Chrono Boost)  
  116  14:58  Templar Archives  
  116  15:02  Stalker x2  
  116  15:04  Stalker  
  122  15:10  Adept x3  
  128  15:16  Gateway  
  128  15:23  Disruptor (Chrono Boost)  
  123  15:34  High Templar  
  123  15:35  High Templar x5  
  133  15:39  Archon  
  133  15:40  Archon x2  
  137  15:54  Warp Prism (Chrono Boost), Disruptor (Chrono Boost)  
  140  16:09  Stalker x5  
  140  16:10  Stalker  
  112  16:34  Dark Templar  
  112  16:35  Adept x4  
  101  16:50  Dark Templar  
Tags
 
Add a new tag
Caveats
  • Supply blocks, unpowered buildings, or Contaminate may cause inaccurate times.
  • Supply counts are checked every 10 seconds.